 Dungeon Crawl Stone Soup version 0.22-a0-389-g8519d86 (webtiles) character file.

21 Kairos the Skirmisher (level 2, 8/16 HPs)
             Began as a Vine Stalker Fighter on Apr 30, 2018.
             Quit the game on level 1 of the Dungeon.
             The game lasted 00:00:25 (209 turns).

Kairos the Skirmisher (Vine Stalker Fighter)         Turns: 209, Time: 00:00:26

Health: 8/16       AC:  6    Str: 18    XL:     2   Next: 83%
Magic:  3/3        EV:  7    Int:  8    God:
Gold:   0          SH:  9    Dex: 13    Spells: 1/1 levels left

rFire    . . .     SeeInvis .   a - +0 war axe
rCold    . . .     Gourm    .   c - +0 shield
rNeg     . . .     Faith    .   b - +0 scale mail
rPois    .         Spirit   +   (no helmet)
rElec    .         Reflect  .   (no cloak)
rCorr    .         Harm     .   (no gloves)
MR       .....                  (no boots)
Stlth    ..........             (no amulet)
HPRegen  0.05/turn              (no ring)
MPRegen  0.08/turn              (no ring)

@: no status effects
A: fangs 2, magic shield, antimagic bite, no potion heal 3, rot immunity
a: no special abilities


You were on level 1 of the Dungeon.
You were not hungry.

You visited 1 branch of the dungeon, and saw 1 of its levels.

Inventory:

Hand Weapons
 a - a +0 war axe (weapon)
Armour
 b - a +0 scale mail (worn)
 c - a +0 shield (worn)
Scrolls
 e - a scroll of teleportation {unknown}
Potions
 d - a potion of might
Comestibles
 f - 2 rations


   Skills:
 + Level 3.0 Fighting
 + Level 2.0 Axes
 + Level 2.6 Armour
 + Level 2.9 Shields


You had one spell level left.
You didn't know any spells.

Dungeon Overview and Level Annotations

Branches:
Dungeon (1/15)

Altars:


Innate Abilities, Weirdness & Mutations

You have extremely sharp teeth.
When hurt, damage is shared between your health and your magic reserves.
Your bite disrupts and absorbs the magic of your enemies.
Potions cannot restore your health.
You are immune to rotting.


Message History

There are monsters nearby!
You are too injured to fight recklessly!
Unknown command.
You are too injured to fight recklessly!
You are too injured to fight recklessly!
Unknown command.
You are too injured to fight recklessly!
Unknown command.
You are too injured to fight recklessly!
You hit the ball python.
You kill the ball python!
Your shield and scale mail prevent you from hitting the dart slug.
You bite the dart slug. You drain its power.
The dart slug is moderately wounded.
The dart slug launches a dart at you. You block the slug dart.
You slash the dart slug!
You kill the dart slug!
You see here a dart slug corpse.
Are you sure you want to abandon this character and quit the game? (Confirm with "yes".)

....#####.............
......##.#.#.#.#.#.#.#.
....#.........†........
...##...#.#.#.#.#.#.#.#.
♣..##..................
....#..#.#.#.#.#.#.#.#.
....#..................
.#..#.#.#.#.#.#.#.#.#.#.
................@.......
###..#.#.#.#.#.#.#.#.#.#
###...................
......#.#.#.#.#.#.# #.#
####............ .. ..
##..#.#.#.#.# #.# #
.......... .. ...#.# #.#
#.# .##...


There were no monsters in sight!

Vanquished Creatures
  2 dart slugs (D:1)
  A leopard gecko (D:1)
  A ball python (D:1)
  2 giant cockroaches (D:1)
  A hobgoblin (D:1)
  A bat (D:1)
  3 frilled lizards (D:1)
  2 goblins (D:1)
  2 kobolds (D:1)
  A rat (D:1)
16 creatures vanquished.

Notes
Turn   | Place    | Note
-------+----------+-------------------------------------------
     0 | D:1      | Kairos the Vine Stalker Fighter began the quest for the Orb.
     0 | D:1      | Reached XP level 1. HP: 11/11 MP: 2/2
   107 | D:1      | Reached XP level 2. HP: 13/16 MP: 3/3
   198 | D:1      | Reached skill level 3 in Fighting
   209 | D:1      | Quit the game

Vault maps used:
D:1:      nicolae_arrival_somewhat_less_tricky_arrival, hex_large,
          kennysheep_nondescript

Skill      XL: |  1  2 |
---------------+-------+-----
Fighting       | 3 |  3.0
Axes           | 2 |  2.0
Armour         | |  2.6
Shields        | |  2.9

Action                   || total
-------------------------++-------
Melee: War axe           ||    45
       Bite              ||    13
Armor: Scale mail        ||    19
Dodge: Dodged            ||    12
Block: Shield            ||    21

Table legend:
 A = Spawn XP
 B = Non-spawn XP
 C = Spawn XP percentage of total XP
 D = Spawn monster count
 E = Non-spawn monster count
 F = Spawn count percentage of total count
 G = Total turns spent on level
                    A         B        C        D         E        F      G
               +---------+---------+-------+---------+---------+-------+---------
         Total |       0 |      30 |   0.0 |       0 |      16 |   0.0 |   209
               +---------+---------+-------+---------+---------+-------+---------
           D:1 |       0 |      30 |   0.0 |       0 |      16 |   0.0 |   209
               +---------+---------+-------+---------+---------+-------+---------
